Nobbs, neutral male human Tourist ---- ------------..--------- ---...............*.....| -- --- |[.....---------.------ - .| .. |.-.....| |..| . .- |......-- |..-- .- . -..--- |*------ ---...--- .. -. |....| |.| |.......--- --- .. -..---.>..-- ---.| |.........| ..|..-- ...........| ------ --...-- ---- |.........-- --......| --..........- ----.|.. |.....| |..| ----.......^..---.......-- |........... ---....... --....---..|--........................| ---...........| --.........| ---.......||........................-- |.............|.-------....|.....| --....---|..................| ..--- --...............||..--....- -....| ---%-.-- ----.............|.-- |--- ---..............----.......- ... |.....| --..............-|...- |..-- --...............I.--........------.------...--- |..|............|---.---...| |...............................[............| |..|--.....---.-- |.(..).-- |....... --..........--....--------------..--- ---- --....| --- --...<.| --- ---- ---.--.|.-----.--- ---- ------ --..--- -- ----- --- ---- Nobbs the Sightseer Experience level: 4 Strength: 11 Dexterity: 11 Constitution: 16 Intelligence: 13 Wisdom: 9 Charisma: 18 Health: 0(42) Energy: 14(14) Def: 0 Gold: 2142 Moves: 3185 Dungeon seed: q5jzrpOIcHlZqg_n Game ID: Nobbs_1510407447 Your Inventory: Coins $ - 2142 gold pieces Wands w - a wand of lightning (0:6) B - a wand of cancellation (0:6) Amulets L - a cursed amulet of restful sleep P - a cursed amulet of change Weapons a - 15 +2 darts (in quiver) n - 27 +0 darts C - a +0 orcish short sword Armor e - an uncursed +0 Hawaiian shirt (being worn) q - an uncursed +0 orcish cloak (being worn) Comestibles b - 4 uncursed food rations d - an uncursed slime mold f - an uncursed lembas wafer g - 2 uncursed cram rations p - a cursed food ration r - 3 cursed fortune cookies Q - 2 uncursed melons Scrolls i - 7 uncursed scrolls of magic mapping t - a blessed scroll of identify u - an uncursed scroll of taming y - an uncursed scroll of confuse monster K - an uncursed scroll of remove curse T - 2 cursed scrolls of identify Spellbooks m - an uncursed spellbook of detect monsters A - an uncursed spellbook of confuse monster Potions h - 2 uncursed potions of extra healing v - a blessed potion of blindness x - an uncursed potion of water z - an uncursed potion of gain energy O - an uncursed potion of invisibility S - a cursed potion of speed V - 2 cursed potions of extra healing Rings l - an uncursed ring of conflict E - an uncursed +2 ring of gain strength (on left hand) Tools j - an expensive camera (0:71) k - an uncursed credit card s - an uncursed tin whistle Gems N - an uncursed touchstone Spells and supernatural/magical abilities: Name Level Category Fail Memory W - pray for help -- divine ? -- Your skills at the end: Fighting Skills Weapon Skills dart [Basic] Spellcasting Skills Final Attributes: You were piously aligned. You are dead. Vanquished creatures: a shrieker 2 gnome lords a gnomish wizard 2 giant ants a little dog a dwarf a kobold lord a rabid rat a wererat an iguana 3 coyotes a hobbit a large kobold a hobgoblin a giant rat 5 cave spiders a yellow mold 9 gnomes 5 garter snakes a gnome zombie 4 geckos 6 jackals 3 goblins 4 sewer rats 5 grid bugs 2 bats 3 lichens 4 newts 71 creatures vanquished. Voluntary challenges: You used a wielded weapon 3 times, starting on turn 941. You read items or engraved 225 times, starting on turn 134. You never genocided any monsters. You never polymorphed an object. You never changed form. You used no wishes. You never split a pudding. You wrote Elbereth's name 217 times, starting on turn 480. You violated your moral code, losing 10 points of alignment, starting on turn 2388. Dungeon overview: The Dungeons of Doom: levels 1 to 5 Level 1 a sink a long staircase Level 2 a general store stairs to The Gnomish Mines Level 3 a weapon shop Level 4 an altar to Blind Io, a fountain Level 5 a potion shop, a fountain The Gnomish Mines: levels 3 to 4 Level 3 stairs to The Dungeons of Doom Level 4 <- You were here History has recorded: On T:1 you entered the Dungeons of Doom to retrieve the Amulet of Yendor! On T:41 you reached level 2 of The Dungeons of Doom. On T:1017 you reached level 1 of The Gnomish Mines. On T:1050 you advanced to experience level 2. On T:1068 you reached level 3 of The Dungeons of Doom. On T:1452 you reached level 4 of The Dungeons of Doom. On T:1622 you advanced to experience level 3. On T:1899 you reached level 5 of The Dungeons of Doom. On T:2605 you advanced to experience level 4. On T:2753 you reached level 2 of The Gnomish Mines. Score breakdown: Gold: 1212 (10490 points) Experience: 4 levels ( 9649 points) Exploration: 5 levels ( 9.80%) ( 8485 points) Discoveries: 6 items ( 2.01%) ( 4256 points) Valuables value: (no points given unless you survive) Artifact value: 0 ( 0 points) Variety of kills: 28 monsters ( 7.35%) ( 8132 points) Turncount: 3185 turns ( -688 points) Survival: died (score multiplied by 80%) Total score: 32259 Latest messages: The little dog bites the kobold lord. The kobold lord is killed! You add to the writing in the dust with your fingers. The imp turns to flee! You add to the writing in the dust with your fingers. (4x) a - 3 +2 darts (in quiver). You see here a kobold lord corpse. a - a +2 dart (in quiver). You kill the hobgoblin! a - a +2 dart (in quiver). There are a few more objects here. The imp hits! There are a few objects here. The little dog misses the imp. You faint from lack of food. It hits! (8x) You come to. The little dog misses the imp. You faint from lack of food. It hits! (10x) You die... Final status: Aloha Nobbs the Tourist, killed by an imp, while fainted from lack of food... You died in The Gnomish Mines on dungeon level 4 with 32259 points, and 2142 pieces of gold, after 3185 moves. You were level 4 with a maximum of 42 hit points when you died.